 Dungeon Crawl Stone Soup version 0.31-a0-214-gb37851dbb3 (webtiles) character file.

Game seed: 16042632169580917456

55266 qw the Severer (level 14, 0/92 HPs)
             Began as a Gargoyle Fighter on July 1, 2023.
             Was an Elder of Okawaru.
             Killed from afar by a fire dragon (63 damage)
             ... with a blast of flame
             ... on level 5 of the Lair of Beasts.
             The game lasted 00:12:00 (19461 turns).

qw the Severer (Gargoyle Fighter)                  Turns: 19461, Time: 00:12:01

Health: 0/92       AC: 44    Str: 24    XL:     14   Next: 76%
Magic:  20/21      EV: 17    Int: 10    God:    Okawaru [****..]
Gold:   921        SH: 10    Dex: 23    Spells: 13/13 levels left

rFire   . . .        Y - +1 war axe
rCold   . . .        v - +2 buckler
rNeg    + . .        g - +8 chain mail of Okawaru's Hope {*Slow Will+ rCorr Dex+8}
rPois   inf          q - +0 helmet
rElec   +            w - +0 cloak
rCorr   +            m - +2 pair of gloves
SInv    .            s - +0 pair of boots {Fly}
Will    ++...        (no amulet)
Stlth   +            a - +4 ring of protection
HPRegen 0.35/turn    r - +6 ring of dexterity
MPRegen 0.17/turn

%: slow self (1%)
@: heroic, flying
A: sickness immunity, AC +10, big wings, negative energy resistance 1,
electricity resistance, torment resistance 1, petrification resistance
a: Renounce Religion, Heroism, Finesse


You were on level 5 of the Lair of Beasts.
You worshipped Okawaru.
Okawaru was greatly pleased with you.
You visited 3 branches of the dungeon, and saw 17 of its levels.

You collected 1496 gold pieces.
You spent 575 gold pieces at shops.


Innate Abilities, Weirdness & Mutations

You are immune to sickness and miasma.
Your stone body is resilient. (AC +10)
You are immune to poison.
Your large and strong wings let you fly.
You resist negative energy. (rN+)
You are resistant to electric shocks. (rElec)
You are resistant to unholy torment.
You are immune to petrification.


   Skills:
 - Level 12.0(17.0) Fighting
 - Level 15.0(20.0) Axes
 - Level 6.1(11.1) Throwing
 - Level 10.0(15.0) Armour
 - Level 6.1(11.1) Dodging
 + Level 7.1(12.1) Shields
 - Level 10.0 Invocations


You had 13 spell levels left.
You didn't know any spells.
Your spell library was empty.

Inventory:

Hand Weapons
 k - a +0 flail
 Y - a +1 war axe (weapon)
Missiles
 o - 5 boomerangs
 y - 4 javelins
Armour
 g - the +8 chain mail of Okawaru's Hope (worn) {*Slow Will+ rCorr Dex+8}
   (Okawaru gifted it to you on level 5 of the Lair of Beasts)

   Dex:       It affects your dexterity (+8).
   rCorr:     It protects you from acid and corrosion.
   *Slow:     It may slow you when you take damage.
   Will:      It increases your willpower.
 m - a +2 pair of gloves (worn)
 p - a +2 plate armour of cold resistance
 q - a +0 helmet (worn)
 s - a +0 pair of boots of flying (worn)
 v - a +2 buckler (worn)
 w - a +0 cloak (worn)
Jewellery
 a - a +4 ring of protection (left hand)
 l - a ring of ice
 r - a +6 ring of dexterity (right hand)
 A - a ring of protection from cold
Wands
 u - a wand of digging (4)
Scrolls
 b - a scroll of teleportation
 j - 4 scrolls of identify
Potions
 c - a potion of resistance
 d - 3 potions of might
 e - 5 potions of curing
 f - 6 potions of magic
 h - a potion of mutation
 i - 3 potions of haste
 n - a potion of enlightenment
 t - 3 potions of lignification
 x - 4 potions of heal wounds

Dungeon Overview and Level Annotations

Branches:
Dungeon (11/15)            Temple (1/1) D:4            Lair (5/5) D:11
  Swamp (0/4) Lair:3       Spider (0/4) Lair:3        Slime (0/5) Lair:5
    Orc: D:9-12

Altars:
Ashenzari
Cheibriados
Dithmenos
Elyvilon
Fedhas
Gozag
Hepliaklqana
Kikubaaqudgha
Makhleb
Nemelex Xobeh
Okawaru
Qazlal
Ru
Sif Muna
Trog
Uskayaw
Vehumet
Wu Jian
Xom
Yredelemnul
Zin
The Shining One
Jiyva

Shops:
D:2 *   D:10 [

Annotations:
D:2 1 runed translucent door, Crazy Yiuf
D:4 3 runed translucent doors, qw's ghost, amateur DEHu; qw's ghost, amateur GrHs; qw's ghost, amateur MiHs
D:9 4 transporters
D:11 3 runed translucent doors, qw's ghost, journeyman DEHu
Lair:5 3 runed translucent doors, qw's ghost, journeyman GrHu


Message History

The blast of flame misses you.
You slice the basilisk!!
You kill the basilisk!
Okawaru accepts your kill.
You are engulfed in a cloud of scalding steam.
You throw a silver javelin.
The silver javelin pierces through the iguana!
The iguana is almost dead.
You hear a splash.
You are engulfed in a cloud of scalding steam.
Found a scroll labelled UTYF TALUBA.
The fire dragon breathes flames at you. The blast of flame hits you!!
You see here a basilisk corpse.
Enter note:
Enter note:
Enter note:
Enter note:
Enter note:
Enter note:
Enter note:
Enter note:
Enter note:
Enter note:
Enter note:
Enter note:
Enter note:
Enter note:
Enter note:
Enter note:
Enter note:
Enter note:
Enter note:
Enter note:
Enter note:
19461 ||| Stepping ~*~*~tactically~*~*~ (cloud).
The fire dragon breathes flames at you. The blast of flame hits you!!!
Ouch! That really hurt!
You die...

777.~~~.. .~~~
7?.$.(~.~
..~~777=!..~..77
77.7..~77..$..~~¤.7
7...P~.777??.~~D~.77
7.. (~~.77?[$.~¤~~.7
77.77~~~7.7777.¤¤~~~7
7.(7%~77~~.77.~.¤¤~.7
77..~77..~~777~@¤¤~~7
7..~~777..~~77.~¤~~.7
77~~7..7..~.~77.~~~~7
7~~.7..7..%777.~.~~.7
7.~777.%77.~~77.~~..7
77~~77...7.~~~~~~~.77
77..77.7777..~~~...7
77~%.7777 77.~~...77
.~..P.###


77777777 You could see a fire dragon (catching breath).

Vanquished Creatures
  A hydra (Lair:5)
  5 two-headed ogres
  A centaur warrior (D:10)
  4 death yaks (Lair:5)
  A boulder beetle (D:11)
  A fire crab (Lair:5)
  A skyshark (Lair:4)
  Lodul (D:11)
  A pharaoh ant (Lair:3)
  A swamp dragon (Lair:5)
  Pikel (D:6)
  A lindwurm (Lair:4)
  A necromancer (Lair:5)
  A wolf spider (Lair:5)
  2 cyclopes
  5 elephants (Lair:3)
  10 black mambas
  A guardian serpent (Lair:5)
  18 cane toads
  11 komodo dragons
  A kobold demonologist (D:11)
  5 rime drakes
  A troll (D:10)
  A tarantella (Lair:3)
  A tyrant leech (Lair:3)
  Prince Ribbit (D:7)
  3 polar bears
  4 hornets
  19 blink frogs
  2 jumping spiders (Lair:3)
  8 wyverns
  A shadow (D:11)
  2 vampires (D:11)
  A water elemental (D:11)
  57 yaks
  2 steam dragons
  4 redbacks
  8 basilisks
  Edmund (D:6)
  A swamp worm (Lair:3)
  Menkaure (D:4)
  25 water moccasins
  2 acid dragons
  Duvessa (D:6)
  A swamp drake (Lair:5)
  7 orc warriors
  A sky beast (D:6)
  A black bear (D:7)
  3 ice beasts (D:6)
  9 ogres
  A boggart (D:10)
  A phantom (D:4)
  16 wolves
  7 centaurs
  4 lemures (D:6)
  3 kobold brigands
  Blork the orc (D:6)
  6 bullfrogs
  A gnoll sergeant (D:10)
  2 scorpions
  6 wights
  Dowan (D:6)
  13 killer bees
  2 howler monkeys (D:9)
  2 electric eels
  7 crimson imps (D:7)
  2 lava snakes (D:8)
  9 jellies
  2 hounds
  3 gnoll boudas
  5 orc priests
  A sleepcap (D:6)
  Terence (D:2)
  3 iguanas
  14 orc wizards
  A polar bear simulacrum (Lair:5)
  17 gnolls
  11 adders
  3 shadow imps
  2 white imps (D:7)
  2 ufetubi
  3 dart slugs
  46 orcs
  12 endoplasms
  4 giant cockroaches
  10 goblins
  8 hobgoblins
  4 jackals
  24 kobolds
  5 quokkas
  4 ball pythons
  6 bats
  2 frilled lizards
  6 rats
  A river rat simulacrum (Lair:5)
526 creatures vanquished.

Notes
Turn   | Place    | Note
-------+----------+-------------------------------------------
     0 | D:1      | qw the Gargoyle Fighter began the quest for the Orb.
     0 | D:1      | Reached XP level 1. HP: 14/14 MP: 1/1
     0 | D:1      | 0 ||| qw: Version: 0.3-a-32-g5962c71
     0 | D:1      | 0 ||| qw: Game counter: 7408
     0 | D:1      | 0 ||| qw: Melee chars always use a shield: true
     0 | D:1      | 0 ||| qw: God list: Okawaru
     0 | D:1      | 0 ||| qw: Allow faded altars: false
     0 | D:1      | 0 ||| qw: Do Orc after clearing Dungeon:15 true
     0 | D:1      | 0 ||| qw: Do second Lair branch before Depths: true
     0 | D:1      | 0 ||| qw: Lair rune preference: random
     0 | D:1      | 0 ||| qw: Goals: Normal, Zot:1-4, Slime:5, God:TSO, Crypt,
                  | Tomb, Abyss, Pan, Hells, Win
     0 | D:1      | 0 ||| PLANNING D:1-11
   112 | D:1      | 112 ||| Stepping ~*~*~tactically~*~*~ (hiding).
   114 | D:1      | 114 ||| Stepping ~*~*~tactically~*~*~ (hiding).
   115 | D:1      | 115 ||| Stepping ~*~*~tactically~*~*~ (hiding).
   117 | D:1      | Reached skill level 2 in Axes
   124 | D:1      | Reached XP level 2. HP: 19/19 MP: 2/2
   280 | D:1      | 280 ||| Stepping ~*~*~tactically~*~*~ (stealth).
   281 | D:1      | 281 ||| Stepping ~*~*~tactically~*~*~ (stealth).
   288 | D:1      | Reached skill level 3 in Axes
   296 | D:1      | Reached XP level 3. HP: 21/23 MP: 3/3
   819 | D:1      | 819 ||| UPGRADING to +0 chain mail.
   829 | D:1      | 829 ||| DROPPING +0 scale mail.
   830 | D:1      | 830 ||| DROPPING +6 ring of intelligence.
   831 | D:1      | 831 ||| READING scroll labelled ILEUTU ZEPRAOM.
   890 | D:2      | 890 ||| Stepping ~*~*~tactically~*~*~ (stealth).
   896 | D:2      | 896 ||| Stepping ~*~*~tactically~*~*~ (hiding).
   898 | D:2      | 898 ||| Stepping ~*~*~tactically~*~*~ (hiding).
  1050 | D:2      | Noticed Terence
  1064 | D:2      | Killed Terence
  1065 | D:2      | Reached XP level 4. HP: 18/28 MP: 4/4
  1145 | D:2      | Found a runed translucent door.
  1146 | D:2      | Noticed Crazy Yiuf
  1299 | D:2      | 1299 ||| Stepping ~*~*~tactically~*~*~ (hiding).
  1310 | D:2      | Reached skill level 4 in Axes
  1411 | D:2      | Found Gocau's Assorted Antiques.
  1445 | D:2      | 1445 ||| BUYING scroll labelled DYTIRI HIDD (25 gold).
  1445 | D:2      | Bought a scroll labelled DYTIRI HIDD for 25 gold pieces
  1445 | D:2      | 1445 ||| BUYING scroll labelled ZIFA DYHUTRE (25 gold).
  1445 | D:2      | Bought a scroll labelled ZIFA DYHUTRE for 25 gold pieces
  1508 | D:2      | Found a faded altar of an unknown god.
  1686 | D:2      | 1686 ||| UPGRADING to +4 ring of protection.
  1687 | D:2      | 1687 ||| READING 2 scrolls labelled DYTIRI HIDD.
  1710 | D:2      | 1710 ||| READING scroll labelled FIREUF SUORE.
  1711 | D:2      | 1711 ||| READING scroll labelled ZIFA DYHUTRE.
  1837 | D:3      | Found a sacrificial altar of Ru.
  1838 | D:3      | 1838 ||| Stepping ~*~*~tactically~*~*~ (hiding).
  1992 | D:3      | 1992 ||| FLEEEEING.
  2078 | D:3      | 2078 ||| Stepping ~*~*~tactically~*~*~ (hiding).
  2080 | D:3      | 2080 ||| Stepping ~*~*~tactically~*~*~ (hiding).
  2089 | D:3      | Reached XP level 5. HP: 32/32 MP: 5/5
  2359 | D:3      | Found a shimmering blue altar of Sif Muna.
  2686 | D:3      | 2686 ||| READING 3 scrolls labelled VIEMAK VAPSOZOE.
  2687 | D:3      | 2687 ||| READING scroll labelled IMAEZUADILI.
  2688 | D:3      | 2688 ||| DRINKING 2 metallic puce potions.
  2689 | D:3      | 2689 ||| READING 2 scrolls of identify.
  2689 | D:3      | 2689 ||| IDENTIFYING inky potion
  2768 | D:4      | Reached skill level 5 in Axes
  2789 | D:4      | 2789 ||| FLEEEEING.
  2790 | D:4      | 2790 ||| FLEEEEING.
  2791 | D:4      | 2791 ||| FLEEEEING.
  2792 | D:4      | 2792 ||| STAIRDANCE
  2804 | D:4      | 2804 ||| STAIRDANCE
  2917 | D:4      | Reached XP level 6. HP: 37/38 MP: 6/6
  2999 | D:4      | Found a runed translucent gate.
  2999 | D:4      | Found a runed translucent gate.
  2999 | D:4      | Noticed qw's ghost (amateur MiHs)
  2999 | D:4      | Noticed qw's ghost (amateur DEHu)
  3000 | D:4      | Found a runed translucent gate.
  3000 | D:4      | Noticed qw's ghost (amateur DEHu)
  3000 | D:4      | Noticed qw's ghost (amateur GrHs)
  3000 | D:4      | Noticed qw's ghost (amateur MiHs)
  3033 | D:4      | 3033 ||| Stepping ~*~*~tactically~*~*~ (stealth).
  3104 | D:4      | Noticed Menkaure
  3105 | D:4      | 3105 ||| Stepping ~*~*~tactically~*~*~ (hiding).
  3117 | D:4      | Killed Menkaure
  3118 | D:4      | Reached skill level 6 in Axes
  3195 | D:4      | Found a staircase to the Ecumenical Temple.
  3196 | D:4      | 3196 ||| PLANNING TEMPLE
  3196 | D:4      | 3196 ||| READING scroll labelled QATIXZ AGANETE.
  3197 | D:4      | 3197 ||| READING 2 scrolls of identify.
  3197 | D:4      | 3197 ||| IDENTIFYING fuming blue potion
  3198 | D:4      | 3198 ||| DROPPING potion of degeneration.
  3204 | Temple   | Entered the Ecumenical Temple
  3270 | Temple   | 3270 ||| PLANNING OKAWARU WORSHIP
  3507 | Temple   | Became a worshipper of Warmaster Okawaru
  3508 | Temple   | 3508 ||| PLANNING D:1-11
  3677 | D:4      | Reached skill level 1 in Dodging
  3677 | D:4      | Reached XP level 7. HP: 43/43 MP: 7/7
  3737 | D:4      | 3737 ||| Stepping ~*~*~tactically~*~*~ (hiding).
  3738 | D:4      | 3738 ||| Stepping ~*~*~tactically~*~*~ (hiding).
  3805 | D:4      | 3805 ||| DROPPING +0 club.
  3975 | D:4      | 3975 ||| Stepping ~*~*~tactically~*~*~ (hiding).
  4205 | D:4      | 4205 ||| UPGRADING to +0 pair of gloves.
  4210 | D:4      | 4210 ||| READING 2 scrolls of identify.
  4210 | D:4      | 4210 ||| IDENTIFYING ruby potion
  4211 | D:4      | 4211 ||| DROPPING potion of berserk rage.
  4226 | D:5      | Entered Level 5 of the Dungeon
  4321 | D:5      | Reached * piety under Okawaru
  4322 | D:5      | Reached skill level 7 in Axes
  4322 | D:5      | 4322 ||| INVOKING Heroism.
  4323 | D:5      | 4323 ||| INVOKING Heroism.
  4474 | D:5      | 4474 ||| INVOKING Heroism.
  4482 | D:5      | Reached XP level 8. HP: 34/48 MP: 5/8
  4655 | D:5      | 4655 ||| Stepping ~*~*~tactically~*~*~ (hiding).
  4793 | D:5      | Reached skill level 1 in Invocations
  5226 | D:5      | 5226 ||| INVOKING Heroism.
  5246 | D:5      | 5246 ||| READING scroll of enchant armour.
  5246 | D:5      | 5246 ||| ENCHANTING +0 pair of gloves.
  5510 | D:5      | 5510 ||| READING 2 scrolls of identify.
  5510 | D:5      | 5510 ||| IDENTIFYING sapphire potion
  5567 | D:6      | Noticed Dowan
  5568 | D:6      | 5568 ||| Stepping ~*~*~tactically~*~*~ (hiding).
  5576 | D:6      | 5576 ||| Stepping ~*~*~tactically~*~*~ (stealth).
  5577 | D:6      | 5577 ||| INVOKING Heroism.
  5587 | D:6      | Noticed Duvessa
  5595 | D:6      | Killed Dowan
  5596 | D:6      | Reached skill level 8 in Axes
  5596 | D:6      | Reached skill level 3 in Invocations
  5596 | D:6      | 5596 ||| INVOKING Heroism.
  5610 | D:6      | Killed Duvessa
  5611 | D:6      | 5611 ||| INVOKING Heroism.
  5757 | D:6      | Noticed Pikel
  5758 | D:6      | 5758 ||| Stepping ~*~*~tactically~*~*~ (stealth).
  5769 | D:6      | 5769 ||| INVOKING Heroism.
  5787 | D:6      | 5787 ||| INVOKING Heroism.
  5790 | D:6      | Killed Pikel
  5790 | D:6      | Reached ** piety under Okawaru
  5791 | D:6      | Reached XP level 9. HP: 45/59 MP: 8/12
  5965 | D:6      | 5965 ||| INVOKING Heroism.
  6042 | D:6      | 6042 ||| Stepping ~*~*~tactically~*~*~ (hiding).
  6044 | D:6      | 6044 ||| INVOKING Heroism.
  6102 | D:6      | Noticed Edmund
  6103 | D:6      | 6103 ||| INVOKING Heroism.
  6116 | D:6      | Killed Edmund
  6117 | D:6      | Reached skill level 9 in Axes
  6278 | D:6      | Noticed Blork the orc
  6279 | D:6      | 6279 ||| INVOKING Heroism.
  6290 | D:6      | Killed Blork the orc
  6315 | D:6      | 6315 ||| INVOKING Heroism.
  6416 | D:6      | 6416 ||| READING 2 scrolls of identify.
  6416 | D:6      | 6416 ||| IDENTIFYING viscous brown potion
  6417 | D:6      | 6417 ||| DROPPING potion of brilliance.
  6455 | D:7      | 6455 ||| Stepping ~*~*~tactically~*~*~ (hiding).
  6597 | D:7      | 6597 ||| Stepping ~*~*~tactically~*~*~ (hiding).
  6601 | D:7      | 6601 ||| INVOKING Heroism.
  6606 | D:7      | 6606 ||| Stepping ~*~*~tactically~*~*~ (hiding).
  6609 | D:7      | 6609 ||| Stepping ~*~*~tactically~*~*~ (stealth).
  6674 | D:7      | 6674 ||| FLEEEEING.
  6675 | D:7      | 6675 ||| FLEEEEING.
  6676 | D:7      | 6676 ||| FLEEEEING.
  6677 | D:7      | 6677 ||| FLEEEEING.
  6678 | D:7      | 6678 ||| FLEEEEING.
  6680 | D:7      | 6680 ||| FLEEEEING.
  6681 | D:7      | 6681 ||| FLEEEEING.
  6684 | D:7      | 6684 ||| FLEEEEING.
  6685 | D:7      | 6685 ||| INVOKING Heroism.
  6784 | D:7      | 6784 ||| Stepping ~*~*~tactically~*~*~ (hiding).
  6793 | D:7      | Reached skill level 1 in Throwing
  6793 | D:7      | Reached XP level 10. HP: 55/64 MP: 13/13
  6822 | D:7      | Noticed Prince Ribbit
  6833 | D:7      | 6833 ||| INVOKING Heroism.
  6835 | D:7      | Reached skill level 10 in Axes
  6842 | D:7      | Killed Prince Ribbit
  7099 | D:7      | 7099 ||| Stepping ~*~*~tactically~*~*~ (hiding).
  7100 | D:7      | 7100 ||| Stepping ~*~*~tactically~*~*~ (hiding).
  7201 | D:7      | 7201 ||| Stepping ~*~*~tactically~*~*~ (stealth).
  7242 | D:7      | 7242 ||| Stepping ~*~*~tactically~*~*~ (stealth).
  7465 | D:7      | 7465 ||| INVOKING Heroism.
  7694 | D:7      | 7694 ||| UPGRADING to +0 plate armour.
  7704 | D:7      | 7704 ||| DROPPING +0 chain mail.
  7705 | D:7      | 7705 ||| READING 2 scrolls of identify.
  7705 | D:7      | 7705 ||| IDENTIFYING green potion
  7795 | D:8      | 7795 ||| Stepping ~*~*~tactically~*~*~ (stealth).
  7803 | D:8      | 7803 ||| INVOKING Heroism.
  7804 | D:8      | 7804 ||| DRINKING potion of curing.
  7804 | D:8      | 7804 ||| (to cure confusion)
  7806 | D:8      | 7806 ||| Stepping ~*~*~tactically~*~*~ (hiding).
  7808 | D:8      | 7808 ||| Stepping ~*~*~tactically~*~*~ (hiding).
  7818 | D:8      | Reached skill level 6 in Armour
  7824 | D:8      | HP: 13/64 [yak (12)]
  7825 | D:8      | 7825 ||| READING 3 scrolls of teleportation.
  7826 | D:8      | 7826 ||| DRINKING potion of heal wounds.
  7939 | D:8      | 7939 ||| Stepping ~*~*~tactically~*~*~ (stealth).
  7941 | D:8      | 7941 ||| Stepping ~*~*~tactically~*~*~ (hiding).
  7944 | D:8      | 7944 ||| Stepping ~*~*~tactically~*~*~ (hiding).
  7954 | D:8      | 7954 ||| Stepping ~*~*~tactically~*~*~ (hiding).
  7957 | D:8      | 7957 ||| INVOKING Heroism.
  7960 | D:8      | 7960 ||| Stepping ~*~*~tactically~*~*~ (stealth).
  7975 | D:8      | 7975 ||| Stepping ~*~*~tactically~*~*~ (hiding).
  7976 | D:8      | 7976 ||| Stepping ~*~*~tactically~*~*~ (hiding).
  7979 | D:8      | 7979 ||| INVOKING Heroism.
  8062 | D:8      | 8062 ||| Stepping ~*~*~tactically~*~*~ (hiding).
  8064 | D:8      | 8064 ||| Stepping ~*~*~tactically~*~*~ (hiding).
  8138 | D:8      | 8138 ||| Stepping ~*~*~tactically~*~*~ (cloud).
  8141 | D:8      | 8141 ||| Stepping ~*~*~tactically~*~*~ (hiding).
  8142 | D:8      | 8142 ||| INVOKING Heroism.
  8190 | D:8      | 8190 ||| INVOKING Heroism.
  8429 | D:8      | Identified the +7 hand axe "Edetineo" {speed, rElec rPois
                  | Str-4 Int+6}
  8436 | D:8      | 8436 ||| INVOKING Heroism.
  8445 | D:8      | Reached skill level 11 in Axes
  8485 | D:8      | 8485 ||| Stepping ~*~*~tactically~*~*~ (stealth).
  8488 | D:8      | 8488 ||| FLEEEEING.
  8489 | D:8      | 8489 ||| FLEEEEING.
  8490 | D:8      | 8490 ||| FLEEEEING.
  8491 | D:8      | 8491 ||| FLEEEEING.
  8528 | D:8      | 8528 ||| INVOKING Heroism.
  8528 | D:8      | HP: 13/64 [lava snake/glob of lava (13)]
  8529 | D:8      | 8529 ||| READING 2 scrolls of teleportation.
  8530 | D:8      | 8530 ||| DRINKING potion of heal wounds.
  8620 | D:8      | 8620 ||| INVOKING Heroism.
  8745 | D:8      | 8745 ||| Stepping ~*~*~tactically~*~*~ (stealth).
  8748 | D:8      | 8748 ||| FLEEEEING.
  8749 | D:8      | 8749 ||| FLEEEEING.
  8803 | D:8      | 8803 ||| FLEEEEING.
  8804 | D:8      | 8804 ||| FLEEEEING.
  8805 | D:8      | 8805 ||| FLEEEEING.
  8806 | D:8      | 8806 ||| FLEEEEING.
  8860 | D:8      | 8860 ||| FLEEEEING.
  8861 | D:8      | 8861 ||| FLEEEEING.
  8862 | D:8      | 8862 ||| FLEEEEING.
  8863 | D:8      | 8863 ||| FLEEEEING.
  8910 | D:8      | 8910 ||| FLEEEEING.
  8911 | D:8      | 8911 ||| FLEEEEING.
  8912 | D:8      | 8912 ||| FLEEEEING.
  8941 | D:8      | 8941 ||| Stepping ~*~*~tactically~*~*~ (stealth).
  8944 | D:8      | 8944 ||| FLEEEEING.
  9211 | D:8      | 9211 ||| READING scroll labelled DODATE ATTEUDGH.
  9212 | D:8      | 9212 ||| READING 2 scrolls of identify.
  9212 | D:8      | 9212 ||| IDENTIFYING glowing yellow potion
  9277 | D:9      | Noticed a two-headed ogre
  9278 | D:9      | 9278 ||| INVOKING Heroism.
  9287 | D:9      | Killed a two-headed ogre
  9288 | D:9      | Reached skill level 9 in Fighting
  9302 | D:9      | Noticed a two-headed ogre
  9303 | D:9      | 9303 ||| INVOKING Heroism.
  9314 | D:9      | Killed a two-headed ogre
  9315 | D:9      | Reached XP level 11. HP: 64/71 MP: 12/14
  9468 | D:9      | Found a transporter.
  9470 | D:9      | Found a transporter.
  9473 | D:9      | Found a transporter.
  9484 | D:9      | 9484 ||| Stepping ~*~*~tactically~*~*~ (hiding).
  9485 | D:9      | 9485 ||| INVOKING Heroism.
  9489 | D:9      | 9489 ||| Stepping ~*~*~tactically~*~*~ (hiding).
  9491 | D:9      | 9491 ||| Stepping ~*~*~tactically~*~*~ (hiding).
  9540 | D:9      | Found a transporter.
  9573 | D:9      | 9573 ||| Stepping ~*~*~tactically~*~*~ (stealth).
  9578 | D:9      | 9578 ||| Stepping ~*~*~tactically~*~*~ (hiding).
  9637 | D:9      | 9637 ||| Stepping ~*~*~tactically~*~*~ (stealth).
  9643 | D:9      | 9643 ||| INVOKING Heroism.
  9722 | D:9      | 9722 ||| Stepping ~*~*~tactically~*~*~ (stealth).
  9728 | D:9      | 9728 ||| Stepping ~*~*~tactically~*~*~ (hiding).
  9903 | D:9      | 9903 ||| Stepping ~*~*~tactically~*~*~ (stealth).
 10081 | D:9      | Found a faded altar of an unknown god.
 10081 | D:9      | Found a snail-covered altar of Cheibriados.
 10089 | D:9      | Found a broken altar of Ashenzari.
 10091 | D:9      | Found a stormy altar of Qazlal.
 10093 | D:9      | Found a faded altar of an unknown god.
 10205 | D:9      | 10205 ||| UPGRADING to +2 plate armour of cold resistance.
 10215 | D:9      | 10215 ||| DROPPING +0 plate armour.
 10216 | D:9      | 10216 ||| UPGRADING to +0 helmet.
 10221 | D:9      | 10221 ||| DROPPING scarf of shadows.
 10222 | D:9      | 10222 ||| UPGRADING to +6 ring of dexterity.
 10223 | D:9      | 10223 ||| READING scroll labelled OKUINO LAROACK.
 10249 | D:10     | Entered Level 10 of the Dungeon
 10250 | D:10     | Found Ipiesas's Armour Shop.
 10263 | D:10     | 10263 ||| BUYING +0 pair of boots (63 gold).
 10263 | D:10     | Bought a +0 pair of boots for 63 gold pieces
 10263 | D:10     | 10263 ||| BUYING +0 pair of boots of flying (161 gold).
 10263 | D:10     | Bought a +0 pair of boots of flying for 161 gold pieces
 10263 | D:10     | 10263 ||| BUYING +2 chain mail of fire resistance (301
                  | gold).
 10263 | D:10     | Bought a +2 chain mail of fire resistance for 301 gold
                  | pieces
 10263 | D:10     | 10263 ||| SHOPLISTING +3 plate armour of positive energy
                  | (588 gold, have 57).
 10268 | D:10     | 10268 ||| INVOKING Heroism.
 10269 | D:10     | Noticed a cyclops
 10297 | D:10     | 10297 ||| INVOKING Heroism.
 10298 | D:10     | Killed a cyclops
 10299 | D:10     | Reached skill level 3 in Throwing
 10346 | D:10     | 10346 ||| INVOKING Heroism.
 10418 | D:10     | 10418 ||| Stepping ~*~*~tactically~*~*~ (stealth).
 10839 | D:10     | Reached *** piety under Okawaru
 10849 | D:10     | Reached skill level 12 in Axes
 10901 | D:10     | 10901 ||| FLEEEEING.
 10902 | D:10     | 10902 ||| FLEEEEING.
 10903 | D:10     | 10903 ||| FLEEEEING.
 10904 | D:10     | 10904 ||| FLEEEEING.
 10905 | D:10     | 10905 ||| FLEEEEING.
 10906 | D:10     | 10906 ||| FLEEEEING.
 10907 | D:10     | 10907 ||| FLEEEEING.
 10908 | D:10     | 10908 ||| FLEEEEING.
 10909 | D:10     | 10909 ||| FLEEEEING.
 10910 | D:10     | 10910 ||| FLEEEEING.
 10911 | D:10     | 10911 ||| FLEEEEING.
 10913 | D:10     | 10913 ||| Stepping ~*~*~tactically~*~*~ (hiding).
 10919 | D:10     | 10919 ||| Stepping ~*~*~tactically~*~*~ (hiding).
 11284 | D:10     | 11284 ||| Stepping ~*~*~tactically~*~*~ (hiding).
 11489 | D:10     | Noticed a centaur warrior
 11490 | D:10     | 11490 ||| Stepping ~*~*~tactically~*~*~ (hiding).
 11491 | D:10     | 11491 ||| Stepping ~*~*~tactically~*~*~ (hiding).
 11511 | D:10     | Killed a centaur warrior
 11512 | D:10     | Reached skill level 6 in Shields
 11579 | D:10     | 11579 ||| UPGRADING to +0 pair of boots.
 11584 | D:10     | 11584 ||| UPGRADING to +0 pair of boots of flying.
 11594 | D:10     | 11594 ||| DROPPING +0 pair of boots.
 11595 | D:10     | 11595 ||| UPGRADING to +2 buckler.
 11605 | D:10     | 11605 ||| DROPPING +0 buckler.
 11606 | D:10     | 11606 ||| READING 2 scrolls labelled JARGHUWNOVE.
 11607 | D:10     | 11607 ||| READING 2 scrolls of identify.
 11607 | D:10     | 11607 ||| IDENTIFYING murky amethyst potion
 11608 | D:10     | 11608 ||| DROPPING scroll of fear.
 11672 | D:11     | Noticed a minotaur
 11672 | D:11     | Noticed qw's ghost (journeyman DEHu)
 11674 | D:11     | Noticed a manticore
 11697 | D:11     | Noticed a two-headed ogre
 11698 | D:11     | 11698 ||| INVOKING Heroism.
 11702 | D:11     | Killed a two-headed ogre
 11702 | D:11     | Reached **** piety under Okawaru
 11738 | D:11     | Noticed a cyclops
 11739 | D:11     | 11739 ||| INVOKING Heroism.
 11750 | D:11     | Killed a cyclops
 11751 | D:11     | Reached skill level 9 in Armour
 11792 | D:11     | 11792 ||| INVOKING Heroism.
 11887 | D:11     | Noticed a two-headed ogre
 11888 | D:11     | 11888 ||| INVOKING Heroism.
 11894 | D:11     | Killed a two-headed ogre
 11895 | D:11     | Reached skill level 3 in Dodging
 11987 | D:11     | Noticed a two-headed ogre
 11988 | D:11     | 11988 ||| INVOKING Heroism.
 11993 | D:11     | Reached XP level 12. HP: 76/76 MP: 12/15
 11994 | D:11     | 11994 ||| Stepping ~*~*~tactically~*~*~ (stealth).
 12007 | D:11     | 12007 ||| Stepping ~*~*~tactically~*~*~ (stealth).
 12066 | D:11     | Noticed a boulder beetle
 12067 | D:11     | 12067 ||| INVOKING Heroism.
 12083 | D:11     | Killed a boulder beetle
 12083 | D:11     | Received a gift from Okawaru
 12141 | D:11     | 12141 ||| INVOKING Heroism.
 12169 | D:11     | 12169 ||| FLEEEEING.
 12170 | D:11     | 12170 ||| FLEEEEING.
 12177 | D:11     | 12177 ||| FLEEEEING.
 12181 | D:11     | 12181 ||| FLEEEEING.
 12182 | D:11     | 12182 ||| FLEEEEING.
 12183 | D:11     | 12183 ||| FLEEEEING.
 12184 | D:11     | 12184 ||| FLEEEEING.
 12185 | D:11     | 12185 ||| FLEEEEING.
 12186 | D:11     | 12186 ||| FLEEEEING.
 12187 | D:11     | 12187 ||| FLEEEEING.
 12188 | D:11     | 12188 ||| FLEEEEING.
 12189 | D:11     | 12189 ||| FLEEEEING.
 12190 | D:11     | 12190 ||| FLEEEEING.
 12191 | D:11     | 12191 ||| FLEEEEING.
 12192 | D:11     | 12192 ||| FLEEEEING.
 12193 | D:11     | 12193 ||| FLEEEEING.
 12194 | D:11     | 12194 ||| FLEEEEING.
 12195 | D:11     | 12195 ||| FLEEEEING.
 12196 | D:11     | 12196 ||| FLEEEEING.
 12197 | D:11     | 12197 ||| FLEEEEING.
 12198 | D:11     | 12198 ||| FLEEEEING.
 12200 | D:11     | 12200 ||| FLEEEEING.
 12203 | D:11     | 12203 ||| FLEEEEING.
 12204 | D:11     | 12204 ||| FLEEEEING.
 12205 | D:11     | 12205 ||| FLEEEEING.
 12206 | D:11     | 12206 ||| FLEEEEING.
 12209 | D:11     | 12209 ||| FLEEEEING.
 12210 | D:11     | 12210 ||| FLEEEEING.
 12211 | D:11     | 12211 ||| FLEEEEING.
 12212 | D:11     | 12212 ||| FLEEEEING.
 12213 | D:11     | 12213 ||| FLEEEEING.
 12353 | D:11     | 12353 ||| Stepping ~*~*~tactically~*~*~ (stealth).
 12354 | D:11     | 12354 ||| Stepping ~*~*~tactically~*~*~ (stealth).
 12356 | D:11     | 12356 ||| Stepping ~*~*~tactically~*~*~ (stealth).
 12357 | D:11     | 12357 ||| Stepping ~*~*~tactically~*~*~ (stealth).
 12366 | D:11     | Noticed Lodul
 12393 | D:11     | 12393 ||| FLEEEEING.
 12394 | D:11     | 12394 ||| FLEEEEING.
 12395 | D:11     | 12395 ||| FLEEEEING.
 12396 | D:11     | 12396 ||| FLEEEEING.
 12398 | D:11     | 12398 ||| FLEEEEING.
 12399 | D:11     | 12399 ||| FLEEEEING.
 12400 | D:11     | 12400 ||| FLEEEEING.
 12401 | D:11     | 12401 ||| FLEEEEING.
 12402 | D:11     | 12402 ||| FLEEEEING.
 12403 | D:11     | 12403 ||| FLEEEEING.
 12413 | D:11     | 12413 ||| READING 3 scrolls of teleportation.
 12414 | D:11     | 12414 ||| INVOKING Heroism.
 12417 | D:11     | Found a runed translucent gate.
 12417 | D:11     | Found a runed translucent gate.
 12417 | D:11     | Found a runed translucent gate.
 12502 | D:11     | Found a staircase to the Lair.
 12580 | D:11     | Killed Lodul
 12759 | D:11     | Killed a two-headed ogre
 12855 | D:11     | 12855 ||| PLANNING LAIR
 12855 | D:11     | 12855 ||| DROPPING +1 pair of gloves.
 12884 | Lair:1   | Entered Level 1 of the Lair of Beasts
 12951 | Lair:1   | 12951 ||| INVOKING Heroism.
 13179 | Lair:1   | 13179 ||| INVOKING Heroism.
 13286 | Lair:1   | 13286 ||| INVOKING Heroism.
 13301 | Lair:1   | Reached skill level 6 in Invocations
 13337 | Lair:1   | 13337 ||| INVOKING Heroism.
 13532 | Lair:1   | 13532 ||| Stepping ~*~*~tactically~*~*~ (stealth).
 13543 | Lair:1   | Reached skill level 13 in Axes
 13661 | Lair:1   | 13661 ||| READING scroll labelled JIHASU XUACKUR.
 13708 | Lair:1   | 13708 ||| READING scroll labelled EPAISHRE WOUTZUUDE.
 13757 | Lair:2   | 13757 ||| INVOKING Heroism.
 14065 | Lair:2   | 14065 ||| Stepping ~*~*~tactically~*~*~ (hiding).
 14066 | Lair:2   | 14066 ||| Stepping ~*~*~tactically~*~*~ (hiding).
 14067 | Lair:2   | 14067 ||| Stepping ~*~*~tactically~*~*~ (hiding).
 14284 | Lair:2   | 14284 ||| Stepping ~*~*~tactically~*~*~ (stealth).
 14404 | Lair:2   | 14404 ||| Stepping ~*~*~tactically~*~*~ (stealth).
 14408 | Lair:2   | 14408 ||| Stepping ~*~*~tactically~*~*~ (stealth).
 14452 | Lair:2   | Reached XP level 13. HP: 81/82 MP: 19/19
 14704 | Lair:3   | 14704 ||| STAIRDANCE
 14712 | Lair:2   | 14712 ||| INVOKING Heroism.
 14852 | Lair:3   | 14852 ||| INVOKING Heroism.
 14857 | Lair:3   | Reached ***** piety under Okawaru
 14869 | Lair:3   | Received a gift from Okawaru
 14880 | Lair:3   | Reached skill level 9 in Invocations
 15093 | Lair:3   | 15093 ||| Stepping ~*~*~tactically~*~*~ (stealth).
 15096 | Lair:3   | 15096 ||| Stepping ~*~*~tactically~*~*~ (stealth).
 15155 | Lair:3   | 15155 ||| INVOKING Heroism.
 15213 | Lair:3   | Found a hole to the Spider Nest.
 15227 | Lair:3   | 15227 ||| INVOKING Heroism.
 15229 | Lair:3   | 15229 ||| Stepping ~*~*~tactically~*~*~ (stealth).
 15368 | Lair:3   | 15368 ||| Stepping ~*~*~tactically~*~*~ (stealth).
 15373 | Lair:3   | 15373 ||| INVOKING Heroism.
 15389 | Lair:3   | 15389 ||| READING scroll of enchant armour.
 15389 | Lair:3   | 15389 ||| ENCHANTING +1 pair of gloves.
 15393 | Lair:3   | 15393 ||| Stepping ~*~*~tactically~*~*~ (stealth).
 15396 | Lair:3   | 15396 ||| Stepping ~*~*~tactically~*~*~ (stealth).
 15568 | Lair:3   | 15568 ||| Stepping ~*~*~tactically~*~*~ (stealth).
 15570 | Lair:3   | 15570 ||| Stepping ~*~*~tactically~*~*~ (hiding).
 15571 | Lair:3   | 15571 ||| Stepping ~*~*~tactically~*~*~ (hiding).
 15572 | Lair:3   | 15572 ||| Stepping ~*~*~tactically~*~*~ (hiding).
 15573 | Lair:3   | 15573 ||| Stepping ~*~*~tactically~*~*~ (hiding).
 15574 | Lair:3   | 15574 ||| Stepping ~*~*~tactically~*~*~ (hiding).
 15739 | Lair:3   | 15739 ||| Stepping ~*~*~tactically~*~*~ (stealth).
 15748 | Lair:3   | 15748 ||| INVOKING Heroism.
 15751 | Lair:3   | 15751 ||| Stepping ~*~*~tactically~*~*~ (hiding).
 15821 | Lair:3   | Found a staircase to the Swamp.
 15952 | Lair:3   | 15952 ||| READING scroll labelled WUOSCH FOFOQO.
 16053 | Lair:3   | 16053 ||| READING scroll labelled JUID ASISK.
 16067 | Lair:4   | 16067 ||| Stepping ~*~*~tactically~*~*~ (hiding).
 16109 | Lair:4   | 16109 ||| INVOKING Heroism.
 16124 | Lair:4   | 16124 ||| Stepping ~*~*~tactically~*~*~ (stealth).
 16148 | Lair:4   | 16148 ||| INVOKING Heroism.
 16161 | Lair:4   | Received a gift from Okawaru
 16162 | Lair:4   | Reached skill level 14 in Axes
 16247 | Lair:4   | 16247 ||| INVOKING Heroism.
 16711 | Lair:4   | 16711 ||| Stepping ~*~*~tactically~*~*~ (stealth).
 16764 | Lair:4   | 16764 ||| Stepping ~*~*~tactically~*~*~ (stealth).
 17009 | Lair:4   | 17009 ||| READING 4 scrolls of identify.
 17009 | Lair:4   | 17009 ||| IDENTIFYING bubbling golden potion
 17016 | Lair:5   | Entered Level 5 of the Lair of Beasts
 17017 | Lair:5   | 17017 ||| STAIRDANCE
 17123 | Lair:5   | 17123 ||| STAIRDANCE
 17171 | Lair:5   | 17171 ||| STAIRDANCE
 17178 | Lair:4   | 17178 ||| INVOKING Heroism.
 17295 | Lair:5   | 17295 ||| STAIRDANCE
 17330 | Lair:5   | 17330 ||| STAIRDANCE
 17364 | Lair:5   | 17364 ||| INVOKING Heroism.
 17401 | Lair:5   | Identified the +8 chain mail of Okawaru's Hope {*Slow Will+
                  | rCorr Dex+8} (Okawaru gifted it to you on level 5 of the
                  | Lair of Beasts)
 17401 | Lair:5   | Received a gift from Okawaru
 17402 | Lair:5   | Gained mutation: Your large and strong wings let you fly.
                  | [Gargoyle growth]
 17402 | Lair:5   | Reached XP level 14. HP: 90/90 MP: 21/21
 17413 | Lair:5   | 17413 ||| Stepping ~*~*~tactically~*~*~ (stealth).
 17416 | Lair:5   | 17416 ||| Stepping ~*~*~tactically~*~*~ (stealth).
 17418 | Lair:5   | 17418 ||| INVOKING Heroism.
 17427 | Lair:5   | Reached skill level 6 in Throwing
 17483 | Lair:5   | 17483 ||| INVOKING Heroism.
 17551 | Lair:5   | 17551 ||| FLEEEEING.
 17552 | Lair:5   | 17552 ||| FLEEEEING.
 17553 | Lair:5   | 17553 ||| FLEEEEING.
 17554 | Lair:5   | 17554 ||| FLEEEEING.
 17555 | Lair:5   | 17555 ||| FLEEEEING.
 17556 | Lair:5   | 17556 ||| FLEEEEING.
 17557 | Lair:5   | 17557 ||| FLEEEEING.
 17657 | Lair:5   | Found a staircase to the Slime Pits.
 17812 | Lair:5   | 17812 ||| Stepping ~*~*~tactically~*~*~ (stealth).
 17815 | Lair:5   | 17815 ||| Stepping ~*~*~tactically~*~*~ (hiding).
 17817 | Lair:5   | 17817 ||| Stepping ~*~*~tactically~*~*~ (hiding).
 17822 | Lair:5   | 17822 ||| INVOKING Heroism.
 17824 | Lair:5   | HP: 16/90 [fire crab (9)]
 17825 | Lair:5   | 17825 ||| READING 2 scrolls of teleportation.
 17826 | Lair:5   | 17826 ||| DRINKING 4 potions of heal wounds.
 17831 | Lair:5   | Found a runed translucent gate.
 17831 | Lair:5   | Found a runed translucent gate.
 17831 | Lair:5   | Found a runed translucent gate.
 17831 | Lair:5   | Noticed an azure jelly
 17831 | Lair:5   | Noticed an acid blob
 17832 | Lair:5   | 17832 ||| FLEEEEING.
 17832 | Lair:5   | Noticed an acid blob
 17832 | Lair:5   | Noticed an azure jelly
 17832 | Lair:5   | Noticed qw's ghost (journeyman GrHu)
 17832 | Lair:5   | Noticed an azure jelly
 17832 | Lair:5   | Noticed an azure jelly
 17832 | Lair:5   | Noticed an azure jelly
 17833 | Lair:5   | 17833 ||| STAIRDANCE
 17833 | Lair:5   | Noticed an acid blob
 17976 | Lair:4   | 17976 ||| UPGRADING to +8 chain mail of Okawaru's Hope
                  | {*Slow Will+ rCorr Dex+8}.
 17986 | Lair:4   | 17986 ||| DROPPING +2 chain mail of fire resistance.
 17987 | Lair:4   | 17987 ||| UPGRADING to +0 cloak.
 18000 | Lair:5   | Noticed a quicksilver ooze
 18009 | Lair:5   | 18009 ||| STAIRDANCE
 18187 | Lair:5   | 18187 ||| INVOKING Heroism.
 18188 | Lair:5   | 18188 ||| INVOKING Finesse.
 18193 | Lair:5   | 18193 ||| SWAPPING to +0 flail.
 18205 | Lair:5   | 18205 ||| SWAPPING to +1 war axe.
 18271 | Lair:5   | 18271 ||| Stepping ~*~*~tactically~*~*~ (stealth).
 18273 | Lair:5   | 18273 ||| Stepping ~*~*~tactically~*~*~ (hiding).
 18274 | Lair:5   | 18274 ||| Stepping ~*~*~tactically~*~*~ (hiding).
 18274 | Lair:5   | Found a viscous altar of Jiyva.
 18330 | Lair:5   | 18330 ||| Stepping ~*~*~tactically~*~*~ (stealth).
 18363 | Lair:5   | Reached skill level 15 in Axes
 18370 | Lair:5   | 18370 ||| INVOKING Heroism.
 18498 | Lair:5   | 18498 ||| INVOKING Heroism.
 18628 | Lair:5   | 18628 ||| Stepping ~*~*~tactically~*~*~ (stealth).
 18859 | Lair:5   | 18859 ||| INVOKING Heroism.
 18861 | Lair:5   | 18861 ||| Stepping ~*~*~tactically~*~*~ (stealth).
 18884 | Lair:5   | Reached skill level 6 in Dodging
 19214 | Lair:5   | 19214 ||| Stepping ~*~*~tactically~*~*~ (hiding).
 19278 | Lair:5   | 19278 ||| Stepping ~*~*~tactically~*~*~ (stealth).
 19327 | Lair:5   | 19327 ||| Stepping ~*~*~tactically~*~*~ (stealth).
 19342 | Lair:5   | 19342 ||| Stepping ~*~*~tactically~*~*~ (stealth).
 19350 | Lair:5   | Received a gift from Okawaru
 19390 | Lair:5   | 19390 ||| Stepping ~*~*~tactically~*~*~ (hiding).
 19449 | Lair:5   | Reached skill level 12 in Fighting
 19454 | Lair:5   | 19454 ||| INVOKING Heroism.
 19461 | Lair:5   | 19461 ||| Stepping ~*~*~tactically~*~*~ (cloud).
 19461 | Lair:5   | Killed from afar by a fire dragon

Levels and vault maps discovered:
D:1:      giann_forest_graveyard, layout_loops_ring, minivault_25,
          minmay_distorted
D:2:      layout_basic, serial_shops, shop,
          shapermc_ecumenical_altar_mp_vishouse, uniq_terence,
          uniq_crazy_yiuf_cottage
D:3:      cheibrodos_greedy_goblins, layout_basic,
          nicolae_ru_great_annihilating_truth, nicolae_overflow_hidden_temple,
          kennysheep_flooded_box
D:4:      layout_basic, minmay_temple_entry_gardened_gates,
          gammafunk_ghost_cemetery, uniq_menkaure
D:5:      layout_layer_cave, serial_bayou_lagoon_a, kennysheep_generic_room_6
D:6:      layout_basic, uniq_blork_the_orc, uniq_pikel, uniq_duvessa,
          uniq_edmund
D:7:      layout_basic, minmay_nine_imps, uniq_prince_ribbit1
D:8:      layout_gridville, kennysheep_dice
D:9:      layout_small_grid, chequers_temple_overflow_minitemple, st_stairs_4,
          library_closet, nicolae_diode_quadrants
D:10:     layout_loops_corners, serial_shops, shop, minmay_checkerbox
D:11:     layout_roguey, david_lair_generic, maelrawn_ghost_gauntlet_escape,
          water_boxes_lemuel, uniq_lodul
Temple:   minmay_temple_bridge_d
Lair:1:   layout_misc_corridors, grunt_megastairs_3
Lair:2:   layout_roguey, minivault_23, lemuel_another_geyser,
          lemuel_fruit_fields, serial_bayou_shore_a, lemuel_fruit_tree
Lair:3:   layout_cave_shapes, minmay_swamp_entry_worms,
          nicolae_spider_entry_lesser_pyramids, grunt_megastairs_4
Lair:4:   layout_roguey
Lair:5:   guppyfry_lair_end_dragon, layout_cave_pods,
          hangedman_lair_tendril_chambers, nicolae_slime_entry_field_trip,
          gammafunk_ghost_ooze, eino_house_with_fridge

Skill      XL: |  1  2  3  4  5  6  7  8  9 10 11 12 13 14 |
---------------+-------------------------------------------+-----
Axes           | 2 3 4 5 6 7 8 9 11 12 13 14 15 | 15.0
Fighting       | 4 7 9 10 11 12 | 12.0
Dodging        | 1 3 6 |  6.1
Invocations    | 4 8 10 | 10.0
Armour         | 4 7 9 10 | 10.0
Shields        | 4 5 6 7 |  7.1
Throwing       | 1 3 5 6 |  6.1

Action                     |  1- 3 |  4- 6 |  7- 9 | 10-12 | 13-15 || total
---------------------------+-------+-------+-------+-------+-------++-------
  Melee: War axe           |    89 |   145 |   301 |   802 |   751 ||  2088
         Unarmed           |       |       |       |     3 |       ||     3
         Flail             |       |       |       |       |    11 ||    11
  Throw: Boomerang         |       |       |       |    85 |    52 ||   137
         Javelin           |       |       |       |    43 |   106 ||   149
 Invoke: Heroism           |       |       |    15 |    30 |    19 ||    64
         Finesse           |       |       |       |       |     1 ||     1
    Use: Scroll            |     1 |     8 |     4 |    11 |     5 ||    29
         Potion            |       |     1 |       |     3 |     1 ||     5
   Stab: Paralysed         |       |     2 |       |       |       ||     2
 Armour: Scale mail        |    36 |       |       |       |       ||    36
         Chain mail        |    14 |   100 |   220 |    76 |    91 ||   501
         Plate armour      |       |       |       |   431 |   327 ||   758
  Dodge: Dodged            |    39 |    54 |   106 |   238 |   288 ||   725
  Block: Buckler           |    19 |    25 |    77 |   204 |   283 ||   608

Table legend:
 A = Non-vault XP
 B = Vault XP
 C = Vault XP percentage of total XP
 D = Non-vault monster count
 E = Vault monster count
 F = Vault count percentage of total count
                 A         B        C        D         E       F
            +---------+---------+-------+---------+---------+-------
      Total |   53879 |   25073 |  31.8 |     398 |     124 |  23.8
            +---------+---------+-------+---------+---------+-------
        D:1 |      47 |       3 |   6.0 |      25 |       2 |   7.4
        D:2 |      28 |      36 |  56.2 |      16 |       1 |   5.9
        D:3 |      89 |      56 |  38.6 |      11 |      13 |  54.2
        D:4 |     472 |     165 |  25.9 |      20 |       1 |   4.8
        D:5 |     624 |      46 |   6.9 |      26 |       1 |   3.7
        D:6 |    1521 |    1126 |  42.5 |      26 |       5 |  16.1
        D:7 |     905 |     631 |  41.1 |      25 |      10 |  28.6
        D:8 |    2424 |       0 |   0.0 |      48 |       0 |   0.0
        D:9 |    3238 |     198 |   5.8 |      28 |       2 |   6.7
       D:10 |    2695 |    1034 |  27.7 |      22 |       4 |  15.4
       D:11 |    5797 |    2269 |  28.1 |      19 |      11 |  36.7
     Lair:1 |    2407 |     786 |  24.6 |      11 |       2 |  15.4
     Lair:2 |    6410 |       0 |   0.0 |      33 |       0 |   0.0
     Lair:3 |    5921 |    4261 |  41.8 |      17 |      15 |  46.9
     Lair:4 |    9033 |     928 |   9.3 |      38 |       4 |   9.5
     Lair:5 |   12268 |   13534 |  52.5 |      33 |      53 |  61.6
            +---------+---------+-------+---------+---------+-------
